 Dungeon Crawl Stone Soup version 0.30-a0-134-gb40fab5c76 (webtiles) character file.

Game seed: 4759939687931000078

2976 juncz the Frost Mage (level 9, -1/65 (72) HPs)
             Began as a White Draconian Ice Elementalist on Sept 19, 2022.
             Slain by a wight
             ... wielding a +0 flail
              (9 damage)
             ... on level 6 of the Dungeon.
             The game lasted 00:24:15 (8229 turns).

juncz the Frost Mage (DrIE)                         Turns: 8229, Time: 00:24:16

HP:   -1/65 (72)    AC:  8    Str:  8    XL:     9   Next: 53%
MP:   13/29         EV: 12    Int: 21    God:
Gold: 184           SH:  0    Dex: 11    Spells: 15/23 levels left

rFire   . . .      SeeInvis .    f - +0 spear (venom)
rCold   + . .      Faith    .    (no shield)
rNeg    . . .      Spirit   .    (body armour unavailable)
rPois   .          Reflect  .    (helmet restricted)
rElec   .          Harm     .    k - +0 cloak
rCorr   .          Rampage  .    (no gloves)
Will    .....                    (no boots)
Stlth   ++........               (no amulet)
HPRegen 0.20/turn                z - ring of magical power
MPRegen 0.21/turn                (no ring)

@: short of breath, drained
A: breathe frost, AC +7, unfitting armour, cold resistance 1, cold-blooded, weak
1, noise suppression
a: Breathe Frost


You were on level 6 of the Dungeon.
You visited 1 branch of the dungeon, and saw 7 of its levels.
You also visited: Sewer.

You collected 400 gold pieces.
You spent 216 gold pieces at shops.

Inventory:

Hand Weapons
 f - a +0 spear of venom (weapon)
Missiles
 d - 43 stones
 G - a throwing net
Armour
 k - a +0 cloak (worn)
Magical Staves
 y - a staff of fire
Jewellery
 z - a ring of magical power (left hand)
 H - a ring of fire
Scrolls
 e - 3 scrolls of fear {unknown}
 g - a scroll of enchant armour {unknown}
 i - a scroll of amnesia {unknown}
 l - 2 scrolls of butterflies
 m - a scroll of blinking {unknown}
 n - a scroll of torment {unknown}
 o - 3 scrolls of magic mapping {unknown}
 p - 4 scrolls of identify {unknown}
 t - a scroll of poison {unknown}
 v - 4 scrolls of vulnerability {unknown}
 w - 2 scrolls of enchant weapon {unknown}
 C - 2 scrolls of teleportation {unknown}
 D - a scroll of noise {unknown}
 F - a scroll of summoning {unknown}
Potions
 a - a potion of magic
 b - 2 potions of degeneration {unknown}
 c - 5 potions of curing
 h - 2 potions of mutation
 j - 3 potions of might {unknown}
 q - 2 potions of attraction {unknown}
 r - a potion of invisibility {unknown}
 s - 2 potions of haste {unknown}
 u - a potion of lignification {unknown}
 x - 2 potions of heal wounds {unknown}
 A - a potion of flight {unknown}
 B - a potion of ambrosia {unknown}
 E - a potion of cancellation {unknown}
 I - a potion of berserk rage {unknown}
 J - 2 potions of brilliance {unknown}


   Skills:
 + Level 4.4 Fighting
 - Level 2.0 Dodging
 - Level 2.0 Stealth
 + Level 7.9 Spellcasting
 + Level 3.9 Conjurations
 + Level 11.1 Ice Magic


You had 15 spell levels left.
You knew the following spells:

 Your Spells              Type           Power      Damage    Failure   Level
a - Freeze                Ice            100%       1d11      1%          1
b - Frozen Ramparts       Ice            100%       1d16      1%          3
c - Ozocubu's Armour      Ice            53%        N/A       1%          3
d - Magic Dart            Conj           100%       1d8       1%          1

Your spell library contained the following spells:

 Spells                   Type           Power      Damage    Failure   Level
 Hailstorm                Conj/Ice       40%        3d10      3%          4
 Beastly Appendage        Tmut           16%        N/A       9%          1
 Call Imp                 Summ           8%         N/A       12%         2
 Wereblood                Tmut           8%         N/A       12%         2
 Mephitic Cloud           Conj/Pois/Air  13%        N/A       14%         3
 Ignite Poison            Fire/Tmut/Pois 8%         N/A       24%         3
 Spider Form              Tmut/Pois      8%         N/A       24%         3
 Sticky Flame             Conj/Fire      16%        2d4       34%         4


Dungeon Overview and Level Annotations

Branches:
Dungeon (7/15)              Sewer (visited)
 Temple: D:4-7

Altars:
Cheibriados
Elyvilon
The Shining One

Shops:
D:4 :


Innate Abilities, Weirdness & Mutations

You can breathe waves of freezing cold which knock back foes.
Your icy white scales are hard. (AC +7)
You cannot fit into any form of body armour.
Your flesh is cold resistant. (rC+)
You are cold-blooded and may be slowed by cold attacks.
You are weak. (Str -2)
You passively dampen the noise of your surroundings.


Message History

The magic dart hits the wight.
You destroy the wight!
You have got your breath back.
Aiming: Breathe Frost (4% risk of failure)
Press: ? - help, Shift-Dir - straight line, f - wight
Aim: a wight, wielding a +0 falchion and wearing a +0 robe (lightly damaged, 68% to hit)
You exhale a wave of freezing cold.
The freezing breath misses the wight. x2
The freezing breath hits the wight.
The wight resists.
The wight is moderately damaged.
The wight is blown backwards by the freezing wind.
The wight slams into the rock wall!
The wight closely misses you.
Okay, then.
It was a potion of curing.
You feel better. The wight hits you but does no damage.
It was a potion of mutation.
You feel extremely strange.
You feel weaker.
You feel your surroundings grow quieter.
The wight closely misses you.
Your magical contamination has completely faded away.
Okay, then.
Your icy armour will break if you move.
Continue?
Your icy armour cracks and falls away as you move.
There are monsters nearby!
The wight attacks as you move away! The wight hits you with a +0 flail.
You feel drained. The wight attacks as you move away!
The wight hits you with a +0 flail!
You see here a +0 long sword.
The wight attacks as you move away! The wight hits you with a +0 flail!
* * * LOW HITPOINT WARNING * * *
The wight attacks as you move away! The wight hits you with a +0 flail.
* * * LOW HITPOINT WARNING * * *
The wight attacks as you move away! The wight hits you with a +0 flail.
* * * LOW HITPOINT WARNING * * *
You feel drained.
* * * LOW HITPOINT WARNING * * *
The wight attacks as you move away! The wight hits you with a +0 flail.
* * * LOW HITPOINT WARNING * * *
The wight attacks as you move away! The wight misses you.
The wight attacks as you move away! The wight hits you with a +0 flail!
You die...

##### #.........
#...# #.........
#...# #...>.....
#...# ##.........
#...# ##..#....#..
#...# #..#####.##.
#...#####.######.##.
#.<.##..............
###@##.....#####.###
#z#......#####.#
#z...........#.#
###.##########.#.###
###..z# #......
#...#.## ###.###
##.##..####### ##.##
#.###.##....####...##
#.###.##.#.........#.


You could see 3 wights.

Vanquished Creatures
  2 steam dragons
  A water moccasin (D:5)
  A sky beast (D:7)
  A black bear (D:5)
  4 ice beasts
  2 orc warriors (D:7)
  2 ogres
  A centaur (D:5)
  3 kobold brigands (Sewer)
  2 bullfrogs
  A necrophage (D:6)
  3 scorpions
  A wight (D:6)
  4 killer bees (D:5)
  A howler monkey (D:5)
  2 jellies (D:5)
  3 hounds
  A gnoll bouda (D:6)
  5 iguanas
  4 orc wizards
  Robin (D:2)
  10 adders
  8 gnolls
  2 river rats (Sewer)
  A shadow imp (D:5)
  A white imp (D:6)
  2 ufetubi (D:5)
  4 worms
  4 dart slugs (D:1)
  19 orcs
  9 endoplasms
  A giant cockroach (D:3)
  17 goblins
  8 hobgoblins
  5 quokkas
  5 ball pythons
  5 bats
  A frilled lizard (D:1)
  11 kobolds
  15 rats
173 creatures vanquished.

Vanquished Creatures (others)
  2 gnolls (D:6)
2 creatures vanquished.

Grand Total: 175 creatures vanquished

Notes
Turn   | Place    | Note
-------+----------+-------------------------------------------
     0 | D:1      | juncz the Draconian Ice Elementalist began the quest for
                  | the Orb.
     0 | D:1      | Reached XP level 1. HP: 14/14 MP: 3/3
   466 | D:1      | Reached XP level 2. HP: 20/20 MP: 1/5
   518 | D:1      | You fall into a shaft and drop 1 floor!
   869 | D:1      | Found a faded altar of an unknown god.
  1048 | D:1      | Reached XP level 3. HP: 26/26 MP: 4/6
  1416 | D:2      | Learned a level 3 spell: Frozen Ramparts
  1834 | D:2      | Noticed Robin
  1842 | D:2      | Reached XP level 4. HP: 33/33 MP: 4/8
  1850 | D:2      | Killed Robin
  2022 | D:2      | Learned a level 3 spell: Ozocubu's Armour
  2385 | D:3      | Reached skill level 5 in Ice Magic
  2415 | D:3      | Reached XP level 5. HP: 24/38 MP: 3/10
  3685 | D:4      | Noticed an ogre
  3694 | D:4      | Killed an ogre
  3695 | D:4      | Reached XP level 6. HP: 12/45 MP: 3/12
  3953 | D:4      | Reached skill level 6 in Ice Magic
  4118 | D:4      | Found a white marble altar of Elyvilon.
  4439 | D:4      | Found Ryish's Book Boutique.
  4739 | D:5      | Entered Level 5 of the Dungeon
  4743 | D:5      | Reached skill level 5 in Spellcasting
  4743 | D:5      | Your scales start taking on an icy white colour.
  4743 | D:5      | Reached skill level 8 in Ice Magic
  4743 | D:5      | Reached XP level 7. HP: 44/50 MP: 14/14
  4743 | D:5      | Gained mutation: Your flesh is cold resistant. (rC+) [White
                  | Draconian growth]
  5365 | D:5      | Reached skill level 9 in Ice Magic
  5432 | D:5      | Reached XP level 8. HP: 57/57 MP: 17/17
  5902 | D:4      | Bought an Everburning Encyclopedia for 216 gold pieces
  5980 | D:6      | Reached skill level 1 in Fighting
  5980 | D:6      | Reached skill level 1 in Conjurations
  5980 | D:6      | Reached skill level 10 in Ice Magic
  6044 | D:6      | Found a glowing drain.
  6066 | Sewer    | Entered a sewer
  6837 | Sewer    | Reached XP level 9. HP: 68/68 MP: 20/20
  7569 | D:7      | Learned a level 1 spell: Magic Dart
  7677 | D:7      | Found a glowing golden altar of the Shining One.
  7678 | D:7      | Found a snail-covered altar of Cheibriados.
  7702 | D:7      | Reached skill level 11 in Ice Magic
  8216 | D:6      | Gained mutation: You are weak. (Str -2) [potion of
                  | mutation]
  8216 | D:6      | Gained mutation: You passively dampen the noise of your
                  | surroundings. [potion of mutation]
  8229 | D:6      | Slain by a wight

Illustrated notes

Levels and vault maps discovered:
D:1:      minmay_arrival_diagonal_passages, layout_basic,
          shapermc_ecumenical_altar_starsandcircs, minmay_misc_feat_x,
          st_stairs_6, minivault_23
D:2:      layout_loops_cross, uniq_robin
D:3:      layout_loops_ring
D:4:      layout_basic, mainiacjoe_overflow_surrounded_room, serial_shops,
          nicolae_shop_waterfront
D:5:      cheibrodos_barr_body, layout_loops_corners
D:6:      layout_rooms, portal_sewer_entry_a
D:7:      layout_cave_pools, jmf_multi_god_temple, minmay_temple_entry_hall,
          uniq_joseph

Skill      XL: |  1  2  3  4  5  6  7  8  9 |
---------------+----------------------------+-----
Stealth        | 2 |  2.0
Dodging        | 2 |  2.0
Spellcasting   | 3 4 5 6 7 |  7.9
Ice Magic      | 5 8 9 10 11 | 11.1
Fighting       | 2 4 |  4.4
Conjurations   | 2 3 |  3.9

Action                   |  1- 3 |  4- 6 |  7- 9 || total
-------------------------+-------+-------+-------++-------
Melee: Unarmed           |     1 |       |       ||     1
       Spear             |    24 |    64 |    82 ||   170
       Tailslap          |       |     8 |     6 ||    14
Throw: Stone             |     1 |     3 |     6 ||    10
 Cast: Freeze            |    35 |    31 |    66 ||   132
       Frozen Ramparts   |     6 |    10 |    39 ||    55
       Ozocubu's Armour  |       |     1 |    12 ||    13
       Magic Dart        |       |       |    30 ||    30
 Abil: Breathe Frost     |       |       |     3 ||     3
Evoke: Wand              |       |       |     6 ||     6
  Use: Scroll            |       |     1 |       ||     1
       Potion            |       |       |     2 ||     2
 Stab: Sleeping          |     5 |     2 |       ||     7
Armor: Skin              |    15 |    16 |    48 ||    79
Dodge: Dodged            |    27 |    34 |    78 ||   139

Table legend: (Time is in decaauts)
 A = Elapsed time spent in this place.
 B = Non-inter-level travel time spent in this place.
 C = Inter-level travel time spent in this place.
 D = Time resting spent in this place.
 E = Time spent auto-exploring this place.
 F = Levels seen in this place.
 G = Mean time per level.
                   A        B        C        D        E       F      G
               +--------+--------+--------+--------+--------+-----+--------+
         Total |   8391 |   8074 |    317 |   1284 |   5595 |   8 | 1048.9 |
       Dungeon |   7232 |   6915 |    317 |   1064 |   4836 |   7 | 1033.1 |
         Sewer |   1159 |   1159 |      0 |    220 |    759 |   1 | 1159.0 |
               +--------+--------+--------+--------+--------+-----+--------+

Top non-repeatable levels by time:
     D:1: 1343 daAuts
     D:3: 1299 daAuts
     D:4: 1176 daAuts
     D:5: 1167 daAuts
   Sewer: 1159 daAuts
     D:2: 974 daAuts
     D:6: 962 daAuts
     D:7: 308 daAuts
